Cogmind - Beta 14 @@@ ROGUE MODE // 2024.12.10 @ 13:43:57 Player: celerysam Result: Destroyed by G-47 Trooper with Particle Gun Performance ------------- Evolutions (3) 1500 Regions Visited (6) 1200 Robots Destroyed (34) 170 Value Destroyed (1421) 1421 Prototype IDs (4) 80 Alien Tech Used (0) 0 Bonus (200) 200 TOTAL SCORE: 4571 Bonus ------- Entered Garrisons 200 Cogmind --------- Core Integrity 0/700 Matter 241/300 Energy 89/100 System Corruption 2% Temperature Cool (9) Movement Core (50) Location -7/Garrison Parts ------- > --- POWER (2) -------- (None) > --- PROPULSION (4) --- (None) > --- UTILITY (4) ------ Hacking Suite > --- WEAPON (3) ------- Improved Datajack > --- INVENTORY (5) ---- Light Nuclear Core Peak State ------------ > --- POWER ------------ Enhanced Nuclear Core Micro Nuclear Core > --- PROPULSION ------- Improved Hover Unit Airjet Gravmag System Gravmag System > --- UTILITY ---------- Structural Scanner ECM Suite Improved Medium Armor Plating Hacking Suite > --- WEAPON ----------- High-powered Field Laser Greatsword > --- INVENTORY -------- Armored Huge Wheel Advanced Assault Cannon Mini Grenade Launcher Improved Datajack [Rating: 45] Favorites ----------- Power Ion Engine Engine Ion Engine Power Core Enhanced Nuclear Core Propulsion Light Treads Treads Light Treads Leg Aluminum Leg Wheel Compact Wheel Hover Unit Gravmag System Flight Unit VTOL Module Utility Structural Scanner Device Structural Scanner Storage Large Storage Unit Hackware Hacking Suite Protection Utility Shielding Weapon Spread Laser Energy Gun Spread Laser Energy Cannon Beam Cannon Ballistic Gun Minigun Ballistic Cannon Advanced Assault Cannon Launcher Mini Grenade Launcher Slashing Weapon Ripper Special Melee Weapon Improved Datajack Build | -11 -10 -9 -9 -8 -7 -7 ------- Run | Yrd Mat Mat Min Mat Fac Gar Slots Evolved 6 | . . 2 . 2 2 . Power 1 | . . . . . 1 . Propulsion 2 | . . 1 . 1 . . Utility 2 | . . 1 . . 1 . Weapon 1 | . . . . 1 . . Parts Attached 84 | 5 7 6 . 23 31 12 Power 10 | 1 . . . 3 5 1 Engine 4 | 1 . . . 2 1 . Core 6 | . . . . 1 4 1 Reactor . | . . . . . . . Propulsion 25 | 2 2 1 . 6 11 3 Treads 5 | . 2 1 . 2 . . Leg 2 | . . . . . . 2 Wheel 3 | 2 . . . . . 1 Hover 6 | . . . . . 6 . Flight 9 | . . . . 4 5 . Utility 24 | 1 3 5 . 6 7 2 Device 13 | . . 2 . 4 5 2 Storage 6 | 1 2 3 . . . . Processor . | . . . . . . . Hackware 2 | . . . . 1 1 . Protection 3 | . 1 . . 1 1 . Artifact . | . . . . . . . Weapon 25 | 1 2 . . 8 8 6 Energy Gun 10 | 1 2 . . 5 2 . Energy Cannon 1 | . . . . 1 . . Ballistic Gun 6 | . . . . 1 4 1 Ballistic Cannon 3 | . . . . . 1 2 Launcher 1 | . . . . . . 1 Special Weapon . | . . . . . . . Impact Weapon . | . . . . . . . Slashing Weapon 2 | . . . . 1 1 . Piercing Weapon . | . . . . . . . Special Melee Weapon 2 | . . . . . . 2 Unidentified Prototypes 4 | . . . . . 4 . Parts Lost 33 | . 2 1 . 6 7 17 Power 5 | . . . . 1 1 3 Propulsion 14 | . 1 . . 3 3 7 Utility 7 | . . 1 . 1 1 4 Weapon 7 | . 1 . . 1 2 3 Highest Loss Streak 5 | . 1 1 . 4 4 5 To Critical Strikes . | . . . . . . . Average Slot Usage (%) 87 | . 94 95 100 90 90 56 Engine 7 | . 14 11 11 5 3 . Core 3 | . . . . 3 6 10 Treads 13 | . 4 30 33 25 . . Wheel 4 | . 23 . . . . 4 Hover 2 | . . . . . 11 2 Flight 4 | . . . . 2 17 . Device 11 | . . 15 22 14 12 9 Storage 6 | . 14 11 11 8 . . Hackware 3 | . . . . . 8 7 Protection 5 | . 11 4 . 3 7 3 Energy Gun 14 | . 25 22 22 17 6 . Ballistic Gun 2 | . . . . 5 4 1 Slashing Weapon 2 | . . . . . 7 3 Peak Build Rating 45 | 5 8 11 11 28 45 43 Average Rating 18 | 3 6 9 11 17 33 27 On Entrance 15 | . 5 7 11 11 28 43 Naked Turns . | . . . . . . . Heaviest Build 91 | 11 91 32 30 36 32 33 Greatest Support 83 | 26 40 63 63 83 33 33 Greatest Overweight (x) 4 | 1 3 . . . 1 4 Average Overweight (x) . | . . . . . . . Largest Inventory Capacity 25 | 8 25 25 15 15 5 5 Average Capacity 11 | 7 14 15 15 14 5 5 Most Carried 15 | 7 10 11 13 15 5 5 Average Carried 8 | 5 8 8 12 14 4 3 Final Capacity 25 | 8 25 15 15 5 5 5 Final Carried 13 | 7 8 11 13 5 5 1 Class Distribution -------------------- 53% | Mutant 19% | Scavenger-Mutant 10% | Skirmisher 6% | Tank 5% | Hacker-Sprinter 4% | Sprinter Dominant Class ---------------- Mutant | -10/Materials Mutant | -9/Materials Mutant | -9/Mines Skirmisher | -8/Materials Scavenger-Mutant | -7/Factory Scavenger-Mutant | -7/Garrison Resources | -11 -10 -9 -9 -8 -7 -7 ----------- Run | Yrd Mat Mat Min Mat Fac Gar Matter Collected 1126 | 196 114 55 . 210 310 241 Remotely . | . . . . . . . Salvage Created 1196 | . 249 162 . 280 294 211 Parts 71 | . 20 11 . 9 20 11 Haulers Intercepted . | . . . . . . . Recyclers Shooed . | . . . . . . . Parts Field Recycled . | . . . . . . . Retrieved Matter . | . . . . . . . Parts Self-Destructed . | . . . . . . . Prevented . | . . . . . . . Kills | -11 -10 -9 -9 -8 -7 -7 ------- Run | Yrd Mat Mat Min Mat Fac Gar Combat Hostiles Destroyed 27 | . 6 4 . 7 5 5 Melee 1 | . . . . . 1 . Guns 20 | . 6 4 . 6 4 . Cannons 6 | . . . . 1 . 5 Classes Destroyed 7 | . 4 . . 1 2 . Worker 1 | . 1 . . . . . Recycler 1 | . . . . . 1 . Watcher 5 | . 2 . . 1 2 . Swarmer 3 | . 2 . . . 1 . Grunt 20 | . 4 4 . 5 2 5 Sentry 3 | . . . . 2 1 . Programmer 1 | . . . . . 1 . Best Kill Streak 4 | . 3 2 . 3 4 3 Combat Bots Only 3 | . 2 2 . 3 2 3 Max Kills in Single Turn 2 | . 1 1 . 2 1 1 Gunslinging 1 | . . . . 1 . . Exploded . | . . . . . . . Melee 1 | . . . . . 1 . Uniques/NPCs Destroyed . | . . . . . . . Combat | -11 -10 -9 -9 -8 -7 -7 -------- Run | Yrd Mat Mat Min Mat Fac Gar Hostile Shots Fired 453 | . 37 54 . 63 85 214 Missed 162 | . 17 19 . 19 33 74 Damage Taken 4064 | . 244 436 . 629 716 2039 Core 886 | . 30 74 . 77 250 455 Absorbed by Shields 46 | . . . . . . 46 Redirected to Shielding 15 | . . . . 4 11 . Regen/Repaired (Parts) 42 | . . . . . 42 . Core Remaining (%) 88 | 100 88 . 81 86 . . Volleys Fired 107 | . 26 17 . 23 20 21 Largest 3 | . 2 2 . 3 2 2 Hottest 155 | . 80 80 . 155 130 78 Shots Fired 214 | . 50 34 . 66 40 24 Gun 191 | . 50 34 . 62 40 5 Cannon 20 | . . . . 4 . 16 Launcher 3 | . . . . . . 3 Special . | . . . . . . . Kinetic 56 | . . . . 19 16 21 Thermal 112 | . 25 17 . 46 24 . Explosive 3 | . . . . . . 3 Electromagnetic 43 | . 25 17 . 1 . . Robot Hit Streak 16 | . 4 11 . 16 8 6 Robot Miss Streak 9 | . 6 3 . 5 9 3 Penetration Max . | . . . . . . . Secondary Targets 4 | . 1 1 . 2 . . Max Gunslinging Chain 2 | . 1 1 . 2 . . Shots Hit Robots 166 | . 24 26 . 55 37 24 Core Hits 122 | . 14 9 . 50 41 8 Critical Kills . | . . . . . . . Critical Parts Destroyed . | . . . . . . . Critical Strikes 1 | . . . . . . 1 Blast 1 | . . . . . . 1 Melee Attacks 21 | . . . . . 9 12 Impact . | . . . . . . . Slashing 16 | . . . . . 9 7 Piercing . | . . . . . . . Sneak Attacks 3 | . . . . . . 3 Combat Hostiles . | . . . . . . . Follow-up Attacks . | . . . . . . . Damage Inflicted 3188 | . 426 318 . 853 719 872 Guns 1964 | . 347 318 . 771 475 53 Cannons 363 | . . . . 53 . 310 Explosions 402 | . 79 . . 29 . 294 Melee 446 | . . . . . 244 202 Ramming 13 | . . . . . . 13 Kinetic 745 | . . . . 206 176 363 Thermal 1305 | . 221 148 . 637 299 . Explosive 294 | . . . . . . 294 Electromagnetic 385 | . 205 170 . 10 . . Impact . | . . . . . . . Slashing 446 | . . . . . 244 202 Piercing . | . . . . . . . Highest Corruption 2 | . . . . . . 2 Average Corruption 2 | . . . . . . 2 Corruption Purged . | . . . . . . . Corruption Blocked . | . . . . . . . Overload Shots . | . . . . . . . Overflow Damage 34 | . 17 . . . . 17 Projectiles . | . . . . . . . Explosions 17 | . 17 . . . . . Melee 17 | . . . . . . 17 Knockbacks 2 | . . . . . . 2 Impact . | . . . . . . . Kinetic 2 | . . . . . . 2 Secondary . | . . . . . . . Self-Inflicted Damage 55 | . . . . . . 55 Shots 1 | . . . . . . 1 Rammed 4 | . . . . . . 4 Targets Rammed 4 | . . . . . . 4 Kicked . | . . . . . . . Crushed . | . . . . . . . Highest Temperature 423 | . 275 78 . 423 325 28 Average Temperature 103 | . 94 36 . 158 83 10 Received Heat Transfer 1542 | . 108 240 . 351 117 726 Effects 7 | . . . . 3 4 . Shutdowns 1 | . . . . . 1 . Energy Bleed 2 | . . . . 2 . . Interference 3 | . . . . . 3 . Damage (minor) 1 | . . . . 1 . . Siege Activations . | . . . . . . . Robots Corrupted . | . . . . . . . Combat Hostiles . | . . . . . . . Parts Fried 2 | . 2 . . . . . Impact Corruptions . | . . . . . . . Robots Melted . | . . . . . . . Combat Hostiles . | . . . . . . . Parts Melted . | . . . . . . . Heat Transferred 1996 | . 425 325 . 886 360 . Parts Sabotaged . | . . . . . . . Parts Stolen . | . . . . . . . Parts Stripped . | . . . . . . . Power Chain Reactions 3 | . 2 . . 1 . . Alert | -11 -10 -9 -9 -8 -7 -7 ------- Run | Yrd Mat Mat Min Mat Fac Gar Peak Influence 318 | . 318 219 85 178 270 240 Initial 85 | . . 49 85 33 44 71 Average 117 | . 130 102 85 81 139 175 Maximum Alert Level 1 | . 1 1 . . 1 1 Low Security (%) 86 | 100 76 90 100 100 72 80 Level 1 13 | . 23 9 . . 27 20 Level 2 . | . . . . . . . Level 3 . | . . . . . . . Level 4 . | . . . . . . . Level 5 . | . . . . . . . High Security . | . . . . . . . Max Security . | . . . . . . . Squads Dispatched 10 | . 4 1 . 2 3 . Investigation 4 | . 2 . . 1 1 . Extermination 1 | . . . . . 1 . Reinforcement 5 | . 2 1 . 1 1 . Assault . | . . . . . . . Garrison . | . . . . . . . Intercept . | . . . . . . . Searches Triggered . | . . . . . . . Construction Impeded 1 | . . . . . 1 . Haulers Reinforced . | . . . . . . . Active Scanning Responses . | . . . . . . . Cargo Convoy Interrupts . | . . . . . . . Stealth | -11 -10 -9 -9 -8 -7 -7 --------- Run | Yrd Mat Mat Min Mat Fac Gar Distress Signals 4 | . 1 . . 1 2 . Communications Jammed . | . . . . . . . Distress Signals . | . . . . . . . Times Spotted 81 | . 11 13 . 21 14 22 Peak Tracking Total 7 | . 5 5 . 6 4 7 Tactical Retreats 9 | . 1 2 . 1 1 4 Traps | -11 -10 -9 -9 -8 -7 -7 ------- Run | Yrd Mat Mat Min Mat Fac Gar Traps Triggered 7 | . 3 . . 1 . 3 Indirectly . | . . . . . . . Trap Hack Attempts . | . . . . . . . Triggered . | . . . . . . . Disarmed . | . . . . . . . Reprogrammed . | . . . . . . . Reused . | . . . . . . . Traps Extracted . | . . . . . . . Installed . | . . . . . . . Triggered . | . . . . . . . Machines | -11 -10 -9 -9 -8 -7 -7 ---------- Run | Yrd Mat Mat Min Mat Fac Gar Machines Disabled 3 | . 2 . . . . 1 Max in Single Turn 1 | . 1 . . . . 1 Garrison Relay 1 | . . . . . . 1 Machines Repaired . | . . . . . . . Machines Dismantled . | . . . . . . . Machines Sabotaged . | . . . . . . . Overloaded Fab Kills . | . . . . . . . Hacking | -11 -10 -9 -9 -8 -7 -7 --------- Run | Yrd Mat Mat Min Mat Fac Gar Machines Accessed 14 | . 3 . . 1 9 1 Terminals 9 | . 3 . . 1 4 1 Fabricators 1 | . . . . . 1 . Repair Stations 2 | . . . . . 2 . Recycling Units . | . . . . . . . Scanalyzers . | . . . . . . . Garrison Access 2 | . . . . . 2 . Total Hacks 29 | . 4 . . 2 22 1 Successful 11 | . 2 . . . 9 . Failed 18 | . 2 . . 2 13 1 Catastrophic 2 | . . . . 1 . 1 Database Lockouts . | . . . . . . . Manual 10 | . 4 . . 2 4 . Terminals 15 | . 4 . . 2 8 1 Fabricators 2 | . . . . . 2 . Repair Stations 7 | . . . . . 7 . Recycling Units . | . . . . . . . Scanalyzers . | . . . . . . . Garrison Access 5 | . . . . . 5 . Terminal Hacks 3 | . . . . . 3 . Open DSF 1 | . . . . . 1 . Alert Level 2 | . . . . . 2 . Fabricator Hacks . | . . . . . . . Repair Station Hacks 4 | . . . . . 4 . Scan Component 2 | . . . . . 2 . Repair 2 | . . . . . 2 . Recycling Unit Hacks . | . . . . . . . Scanalyzer . | . . . . . . . Garrison Access Hacks 1 | . . . . . 1 . Unlock Access 1 | . . . . . 1 . Unauthorized Hacks 3 | . 2 . . . 1 . Terminals 3 | . 2 . . . 1 . Assimilate 2 | . 1 . . . 1 . Botnet 1 | . 1 . . . . . Fabricators . | . . . . . . . Repair Stations . | . . . . . . . Recycling Units . | . . . . . . . Scanalyzers . | . . . . . . . Garrison Access . | . . . . . . . Data Cores Recovered . | . . . . . . . Used . | . . . . . . . Hacking Detections 11 | . 2 . . 1 7 1 Full Trace Events 3 | . 1 . . 1 1 . Feedback Events . | . . . . . . . Feedback Blocked 1 | . . . . . 1 . Robot Schematics Acquired . | . . . . . . . Robots Built . | . . . . . . . Authchips . | . . . . . . . Time . | . . . . . . . Total Robot Build Rating . | . . . . . . . Part Schematics Acquired . | . . . . . . . Parts Built . | . . . . . . . Authchips . | . . . . . . . Time . | . . . . . . . Total Part Build Rating . | . . . . . . . Parts Repaired 2 | . . . . . 2 . Time 23 | . . . . . 23 . Parts Recycled . | . . . . . . . Recycled Matter . | . . . . . . . Retrieved Matter . | . . . . . . . Retrieved Components . | . . . . . . . Parts Scanalyzed . | . . . . . . . Part Schematics Acquired . | . . . . . . . Parts Damaged . | . . . . . . . Bothacking | -11 -10 -9 -9 -8 -7 -7 ------------ Run | Yrd Mat Mat Min Mat Fac Gar Used RIF Installer . | . . . . . . . Robots Hacked . | . . . . . . . Non-combat . | . . . . . . . Combat . | . . . . . . . Robot Hacks Applied . | . . . . . . . Relay Couplers Released 4 | . . . . . . 4 Machine Destruction 4 | . . . . . . 4 Fabnet Peak Effective % . | . . . . . . . Robots Rewired 3 | . . . . . . 3 Allies Hacked . | . . . . . . . Hacks Repelled . | . . . . . . . Allies | -11 -10 -9 -9 -8 -7 -7 -------- Run | Yrd Mat Mat Min Mat Fac Gar Total Allies 4 | . . . . . 1 3 Largest Group 3 | . . . . . 1 3 Highest-Rated Group 36 | . . . . . 26 36 Highest-Rated Ally 26 | . . . . . 26 12 Total Orders . | . . . . . . . Ally Attacks 7 | . . . . . . 7 Total Damage 109 | . . . . . . 109 Kills . | . . . . . . . Allies Corrupted . | . . . . . . . Allies Melted . | . . . . . . . Intel | -11 -10 -9 -9 -8 -7 -7 ------- Run | Yrd Mat Mat Min Mat Fac Gar Robot Analysis Total . | . . . . . . . Derelict Logs Recovered 1 | . . . 1 . . . Drone Launches . | . . . . . . . Drone Recoveries . | . . . . . . . Exploration | -11 -10 -9 -9 -8 -7 -7 ------------- Run | Yrd Mat Mat Min Mat Fac Gar Turns Passed 2590 | 55 438 233 385 534 525 420 Spaces Moved 2325 | 41 310 105 240 335 905 389 Core 168 | 9 . . . . . 159 Treads 602 | . 19 105 240 238 . . Legs . | . . . . . . . Wheels 516 | 32 291 . . . . 193 Hover 364 | . . . . . 327 37 Flight 675 | . . . . 97 578 . Fastest Speed 26 | 50 90 160 160 26 26 48 Average Speed 85 | 84 110 160 160 121 38 80 Slowest Speed 320 | 100 320 160 160 160 116 250 Overloaded Moves . | . . . . . . . Propulsion Burnouts . | . . . . . . . Robots Hopped 6 | . . . . 4 2 . Cave-ins Triggered . | . . . . . . . Exploration Rate (%) 35 | 4 52 15 52 43 35 50 Regions Visited 6 Branch Regions 1 Pre-discovered Areas 1 | . . . 1 . . . Known Exits Taken 1 | . . . . . 1 . Unknown Exits Taken 5 | 1 1 1 1 1 . . Scrap Searched 1 | . . . 1 . . . Spaces Dug . | . . . . . . . Terrain Destroyed 37 | . 4 . . 4 . 29 Melee . | . . . . . . . Projectile . | . . . . . . . AOE 37 | . 4 . . 4 . 29 Terrain Rammed . | . . . . . . . Walls Destroyed . | . . . . . . . Machines Disabled . | . . . . . . . Actions | -11 -10 -9 -9 -8 -7 -7 --------- Run | Yrd Mat Mat Min Mat Fac Gar Total 2700 | 61 355 135 241 419 1035 454 Wait 38 | 4 2 2 . 1 29 . Move 2310 | 40 309 104 239 328 901 389 Hop 4 | . . . . 2 2 . Pick Up 64 | 12 7 6 2 20 14 3 Fast Attach 27 | . 2 . . 4 16 5 Attach 33 | 5 2 3 . 7 9 7 Detach 7 | . . . . . 6 1 Swap 27 | . 3 3 . 12 7 2 Drop 49 | . 4 . . 22 22 1 Fire 107 | . 26 17 . 23 20 21 Melee 21 | . . . . . 9 12 Ram 4 | . . . . . . 4 Kick . | . . . . . . . Crush . | . . . . . . . Escape Stasis 9 | . . . . . . 9 Rewire . | . . . . . . . Trap . | . . . . . . . Miscellaneous . | . . . . . . . Route ------- -11/Scrapyard -10/Materials (discovered 3 exits: [*Mat x2] / [*Min]) -9/Materials -9/Mines -8/Materials -7/Factory -7/Garrison (discovered 3 exits: [*Fac x3]) History --------- Turn | Location | Event 22 | -11/Scrapyard | Discovered new exit (range 15) 56 | -11/Scrapyard | Entered Materials 216 | -10/Materials | Discovered new exit (range 15) 261 | -10/Materials | Discovered new exit (range 15) 316 | -10/Materials | Build established: Mutant 444 | -10/Materials | Discovered new exit (range 16) 494 | -10/Materials | Entered another Materials area 494 | -9/Materials | Evolved 2 slots: Propulsion x1, Utility x1 599 | -9/Materials | Discovered new exit (range 13) 727 | -9/Materials | Entered Mines 794 | -9/Mines | A weapon hastily lodged in a ceiling crevice suddenly fell to the ground 929 | -9/Mines | Discovered new exit (range 11) 1112 | -9/Mines | Entered Materials 1112 | -8/Materials | Evolved 2 slots: Propulsion x1, Weapon x1 1423 | -8/Materials | Lost 4 parts (1p2n1u) 1645 | -8/Materials | Discovered new exit (range 4) 1646 | -8/Materials | Entered Factory 1646 | -7/Factory | Evolved 2 slots: Power x1, Utility x1 1818 | -7/Factory | Lost 4 parts (3n1w) 1838 | -7/Factory | Repaired VTOL Module 2047 | -7/Factory | Repaired Structural Scanner 2171 | -7/Factory | Identified exit to Garrison 2171 | -7/Factory | Entered Garrison 2187 | -7/Garrison | Triggered checkpoint 2194 | -7/Garrison | Garrison Relay disabled 2254 | -7/Garrison | Lost 5 parts (1p4n) 2275 | -7/Garrison | Build established: Scavenger-Mutant 2331 | -7/Garrison | Triggered checkpoint 2339 | -7/Garrison | Triggered checkpoint 2340 | -7/Garrison | Core integrity fell below 50% 2404 | -7/Garrison | Lost 3 parts (2u1w) 2407 | -7/Garrison | Discovered new exit (range 10) 2421 | -7/Garrison | Triggered checkpoint 2449 | -7/Garrison | Triggered checkpoint 2508 | -7/Garrison | Lost 5 parts (2p3n) 2509 | -7/Garrison | Triggered checkpoint 2551 | -7/Garrison | Core integrity fell below 20% 2567 | -7/Garrison | Triggered checkpoint 2569 | -7/Garrison | Discovered new exit (range 10) 2576 | -7/Garrison | Discovered new exit (range 5) 2591 | -7/Garrison | Destroyed by G-47 Trooper with Particle Gun Last Messages --------------- 02543_ Drone sends a signal. 02547_ Acquired Lgt. Nuclear Core. 02548_ Slammed into G-47 Trooper. 02548_ ECM Suite destroyed. 02549_ Slammed into G-47 Trooper. 02550_ Destabilizing: System corrupted (+2). 02551_ Acquired 11 matter. 02569_ EXIT=FOUND 02573_ Minigun destroyed. 02576_ EXIT=FOUND 02580_ Sneak attack on S-27 Virus. 02580_ S-27 Virus rewired. 02581_ Sneak attack on S-27 Virus. 02581_ S-27 Virus rewired. 02583_ Sneak attack on S-27 Virus. 02583_ S-27 Virus rewired. 02587_ Triggered Alarm Trap. 02587_ An alarm sounds. 02588_ Slug penetrates Wall. 02590_ Critical hit (Burn: +37). Map ----- +----------------------------------------------------+ | | | | | ?????????????????????????????????????????????????? | | ?????????????????????????????????????????????????? | | ?????????????????????????????????????????????????? | | ?????????????????????????????????????????????????? | | ?????????????????????????????????????????????????? | | ?????????????????????????????????????????????????? | | ?????????????????????????????????????????????????? | | ?????????????????????????????????????????????????? | | ?????????????????????????????????????????????????? | | ?????????????????????????????????????????????????? | | ?????????????????????????????????????????????????? | | ?????????????????????????????????????????????????? | | ???????????????????????##########????????????????? | | ???????????????????????# #????????????????? | | ???????????????????????# < #????????????????? | | ???????????????????????# #????????????????? | | ???????????????????????# #+#####????????????????? | | ???????????????????????# # #????????????????????? | | ???????????????????????# #+#????????????????????? | | ???????????????????????# Y #????????????????????? | | ???????????????????????# g #????????????????????? | | ???????????????????????# #????????????????????? | | ???????????????????????# #????????????????????? | | ??????# < ##############h@###????????????????????? | | ??????# g #??????????????????????? | | ??##### #??????????????????????? | | ??#""############### g## + #????????????????????? | | ??#T #???????# # # ## ###????????????????????? | | ??#" #???????# # # #####??????????????????????? | | ??## #???????# #??????????????????????????? | | ?### #???????## # #??????????????????????????? | | ?#"# #????????## ## #??????????????????????????? | | ?#" #???????####### ###########????????????????? | | ?#" #???????# #????????????????? | | ?#" #???????# ##### #????????????????? | | ?#"#=#???????# #???# ######## #????????????????? | | ?### ######### #???# #??????? #????????????????? | | ???# ! #???# #??????# #????????????????? | | ???#### ######???# #??????# #??????? ??????? | | ??????# #????????# #??????# #??????# ??????? | | ??????##+##????????# #??????# #??????# #?????? | | ???????# #?????????# #??????# #??????# #?????? | | ???????# #?????????# #?????## ##""""## #?????? | | ???????# #?????????# ####### #?????? | | ??????? ?????????# #?????? | | ???????###?????????# #?????? | | ???????????????????########## ## ## #?????? | | ????????????????????????????# ## ## ###???? | +----------------------------------------------------+ Best States ------------- Heat Dissipation 48 Energy Generation 27 Energy Capacity 360 Matter Stores 300 Matter Capacity 300 Sight Range 16 Terrain Scan Density 10 ECM Strength 1 Additional Mass Support 9 Armor Coverage 225 Utility Shielding 33 Evasion (%) 64 Recoil Reduction 4 Offensive Hacking 10 Defensive Hacking 10 Item Schematics ----------------- None Robot Schematics ------------------ None Fabricated ------------ Nothing Alien Tech Used ----------------- None Achievements -------------- Short-term Sacrifices Challenges ------------ None Game ------ Seed ResetHardlightBeacon Manual? 0 Play Time 00:48:38 Cumulative 182.4 hours Start 2024.12.10 @ 12:49:01 End 2024.12.10 @ 13:43:57 Sessions 1 Manual Loads 0 Difficulty Rogue Special Mode None Game No. 248 Rogue 248 Adventurer 0 Explorer 0 Win Type - Total 1 Types 1/0/0/0/0/0/0/0/0 Lore% 32 Gallery% 62 Achievement% 42 Wizard Run 0 Options --------- Layout 1 ASCII 0 Keyboard 0 Movement Mouse Keybinds 0 Fullscreen 1 Font 24/Smallcaps Map View 50x35 Zoom Use 0% Tactical HUD 1 Map Filters NONE Filters NONE Steam 1 RUN: bec67ae9-0348-4519-abb8-071b8deef901